 Dungeon Crawl Stone Soup version 0.27.0-1-g7a089689b8 (webtiles) character file.

Game seed: 12463532365822937364

3 sanka the Caller (level 1, -2/14 HPs)
             Began as a Demigod Summoner on Aug 1, 2021.
             Frozen to death by an endoplasm (4 damage)
             ... on level 1 of the Dungeon.
             The game lasted 00:00:20 (184 turns).

sanka the Caller (Demigod Summoner)                  Turns: 184, Time: 00:00:21

Health: -2/14      AC:  2    Str:  9    XL:     1   Next: 33%
Magic:  4/5        EV: 12    Int: 17    God:
Gold:   14         SH:  0    Dex: 14    Spells: 2/3 levels left

rFire    . . .     SeeInvis .   (no weapon)
rCold    . . .     Faith    .   (no shield)
rNeg     . . .     Spirit   .   a - +0 robe
rPois    .         Reflect  .   (no helmet)
rElec    .         Harm     .   (no cloak)
rCorr    .         Rampage  .   (no gloves)
Will     .....                  (no boots)
Stlth    ++........             (no amulet)
HPRegen  0.04/turn              (no ring)
MPRegen  0.09/turn              (no ring)

@: no status effects
A: high mp 1, forlorn
a: no special abilities


You were on level 1 of the Dungeon.
You visited 1 branch of the dungeon, and saw 1 of its levels.

You collected 14 gold pieces.


Innate Abilities, Weirdness & Mutations

Your attributes grow dramatically as you level up.
You have an increased reservoir of magic. (+10% MP)
You shall have no god before yourself.


   Skills:
 - Level 1.7 Dodging
 - Level 1.7 Stealth
 + Level 1.9 Spellcasting
 + Level 3.7 Summonings


You had 2 spell levels left.
You knew the following spells:

 Your Spells              Type           Power      Damage    Failure   Level
z - Summon Small Mammal   Summ           56%        N/A       4%          1

Your spell library contained the following spells:

 Spells                   Type           Power      Damage    Failure   Level
 Call Imp                 Summ           14%        N/A       6%          2
 Call Canine Familiar     Summ           14%        N/A       13%         3
 Summon Guardian Golem    Hex/Summ       7%         N/A       26%         3
 Summon Lightning Spire   Summ/Air       7%         N/A       65%         4

Inventory:

Armour
 a - a +0 robe (worn)

Dungeon Overview and Level Annotations

Branches:
Dungeon (1/15)

♣......▒▒.≈≈▒▒▒▒▒.▒▒▒▒▒≈≈..▒
..▒▒▒▒.▒▒..≈≈≈≈≈▒.▒≈≈≈≈≈...▒
..▒........≈≈≈≈≈▒.▒≈≈≈≈≈.▒.▒▒▒▒▒▒
▒.▒.▒▒.▒▒▒..≈≈≈≈▒.▒≈≈≈≈..▒.......
▒.......▒ ▒..≈≈≈▒.▒≈≈≈..▒▒▒▒▒▒▒▒▒
▒▒▒.....▒ ▒...≈▒.▒≈...▒▒ ▒.....▒
▒.......▒▒▒ ▒....▒▒▒▒▒▒▒..▒r▒▒▒▒
▒...........▒.pJ▒
▒▒............brJ......
▒.≈≈≈≈≈≈≈.▒▒.▒▒▒▒.....
▒.≈.....≈.▒...▒ ....
▒.≈.....≈.....▒ ...
▒.≈..≈≈.≈.≈≈..▒ ..
▒(≈..≈<.≈..≈..▒ . ▒.≈..≈..≈..≈..▒
▒.≈≈.≈.≈≈..≈..▒


You could see 2 endoplasms, a friendly bat (summoned) and 2 friendly rats.


Message History

Your bat closely misses the kobold.
The kobold hits you with a +0 short sword.
* * * LOW HITPOINT WARNING * * *
Your rat bites the kobold.
Your rat bites the kobold but does no damage.
You closely miss the kobold.
The kobold is severely wounded.
Your bat closely misses the kobold.
Your bat hits the kobold.
The kobold dies!
Your rat bites the endoplasm.
Your rat bites the endoplasm.
Unknown command.
You hit the endoplasm but do no damage.
The endoplasm is lightly wounded.
Your bat hits the endoplasm but does no damage.
Your bat hits the endoplasm but does no damage.
The endoplasm freezes you.
You are frozen.
* * * LOW HITPOINT WARNING * * *
The endoplasm hits your rat.
Your rat bites the endoplasm.
Your rat barely misses the endoplasm.
You hit the endoplasm but do no damage.
The endoplasm is lightly wounded.
Your bat hits the endoplasm.
Your bat hits the endoplasm but does no damage.
The endoplasm freezes you.
You are frozen.
You die...

Action                   || total
-------------------------++-------
Melee: Unarmed           ||    12
 Cast: Summon Small Mamm ||     9
Armor: Robe              ||     6
Dodge: Dodged            ||     7

Levels and vault maps discovered:
D:1:      ebering_hopf_link, layout_basic, serial_forest,
          infiniplex_forest_lined_1, infiniplex_forest_clump_double,
          infiniplex_forest_clump_diagonal, infiniplex_forest_clump_diagonal,
          infiniplex_forest_3_way, infiniplex_forest_end_double,
          infiniplex_forest_end_2, infiniplex_forest_lined_3_way,
          infiniplex_forest_straight_3, ebering_ecumenical_altar_sacrificial,
          grunt_decor_junction, minmay_misc_feat_tower

Notes
Turn   | Place    | Note
-------+----------+-------------------------------------------
     0 | D:1      | sanka the Demigod Summoner began the quest for the Orb.
     0 | D:1      | Reached XP level 1. HP: 14/14 MP: 5/5
   184 | D:1      | Frozen to death by an endoplasm

Vanquished Creatures (collateral kills)
  A ball python (D:1)
  A giant cockroach (D:1)
  A goblin (D:1)
  A kobold (D:1)
4 creatures vanquished.
